Cogmind - Beta 13 @@@ ROGUE MODE // 2024.04.10 @ 18:29:29 Player: Kinga Result: Self-destructed Performance ------------- Evolutions (2) 1000 Regions Visited (4) 800 Robots Destroyed (22) 110 Value Destroyed (425) 425 Prototype IDs (2) 40 Alien Tech Used (0) 0 Bonus (50) 50 TOTAL SCORE: 2425 Bonus ------- Follower Combat Kills 50 Cogmind --------- Core Integrity 396/550 Matter 191/300 Energy 100/100 System Corruption 11% Temperature Cool (0) Movement Core (200) Ox3 Location -8/Materials Parts ------- > --- POWER (1) -------- (None) > --- PROPULSION (3) --- (None) > --- UTILITY (5) ------ Improved Heat Sink Melee Analysis Suite High-powered Tractor Beam > --- WEAPON (2) ------- Rocket Launcher Rocket Launcher > --- INVENTORY (5) ---- VTOL Module Heavy EM Shotgun Mining Claw Peak State ------------ > --- POWER ------------ Light Ion Engine > --- PROPULSION ------- Advanced Treads > --- UTILITY ---------- Improved Heat Sink Melee Analysis Suite Melee Analysis Suite High-powered Tractor Beam > --- WEAPON ----------- Heavy EM Shotgun Rocket Launcher > --- INVENTORY -------- VTOL Module Rocket Launcher Mining Claw [Rating: 21] Favorites ----------- Power Light Ion Engine Engine Light Ion Engine Propulsion Flight Unit Treads Advanced Treads Leg Aluminum Leg Flight Unit Flight Unit Utility Melee Analysis Suite Device Weight Redist. System Storage Small Storage Unit Processor Melee Analysis Suite Protection Light Armor Plating Weapon Mining Claw Energy Gun EM Pulse Gun Ballistic Gun Improved Assault Rifle Launcher Rocket Launcher Slashing Weapon Mining Claw Build | -11 -10 -10 -9 -8 ------- Run | Yrd Mat Min Mat Mat Slots Evolved 4 | . . . 2 2 Power . | . . . . . Propulsion 1 | . . . . 1 Utility 3 | . . . 2 1 Weapon . | . . . . . Parts Attached 43 | 6 5 5 20 7 Power 4 | 1 . 1 2 . Engine 4 | 1 . 1 2 . Core . | . . . . . Reactor . | . . . . . Propulsion 15 | 2 2 2 7 2 Treads 1 | . . . . 1 Leg 6 | 2 . . 3 1 Wheel . | . . . . . Hover . | . . . . . Flight 8 | . 2 2 4 . Utility 13 | 1 1 1 8 2 Device 8 | . 1 . 5 2 Storage 1 | 1 . . . . Processor 3 | . . 1 2 . Hackware . | . . . . . Protection 1 | . . . 1 . Artifact . | . . . . . Weapon 11 | 2 2 1 3 3 Energy Gun 4 | 2 1 . . 1 Energy Cannon . | . . . . . Ballistic Gun 2 | . 1 . 1 . Ballistic Cannon . | . . . . . Launcher 3 | . . . 1 2 Special Weapon . | . . . . . Impact Weapon . | . . . . . Slashing Weapon 2 | . . 1 1 . Piercing Weapon . | . . . . . Special Melee Weapon . | . . . . . Unidentified Prototypes 2 | . . . 1 1 Parts Lost 10 | . . 2 5 3 Power 2 | . . . 1 1 Propulsion 6 | . . 2 3 1 Utility 2 | . . . 1 1 Weapon . | . . . . . Highest Loss Streak 4 | . . 2 4 3 To Critical Strikes . | . . . . . Average Slot Usage (%) 87 | . 82 96 87 78 Engine 11 | . 14 14 9 9 Leg 5 | . 19 . 2 16 Flight 16 | . 7 28 17 . Device 12 | . 4 14 13 18 Storage 1 | . 10 . . . Processor 13 | . . 11 18 18 Protection 2 | . . . 5 . Energy Gun 3 | . 22 . . 3 Ballistic Gun 8 | . 3 14 9 . Slashing Weapon 9 | . . 13 11 7 Naked Turns . | . . . . . Heaviest Build 13 | 12 12 7 11 13 Greatest Support 30 | 20 20 8 20 30 Greatest Overweight (x) 1 | . . 1 1 . Average Overweight (x) . | . . . . . Largest Inventory Capacity 8 | 8 8 5 5 5 Average Capacity 5 | 6 7 5 5 5 Most Carried 8 | 2 8 5 5 4 Average Carried 4 | . 3 4 4 3 Final Capacity 8 | 8 5 5 5 5 Final Carried 5 | 2 5 5 5 3 Class Distribution -------------------- 60% | Mutant 39% | Scavenger-Mutant Dominant Class ---------------- Mutant | -10/Materials Scavenger-Mutant | -10/Mines Mutant | -9/Materials Scavenger-Mutant | -8/Materials Resources | -11 -10 -10 -9 -8 ----------- Run | Yrd Mat Min Mat Mat Matter Collected 781 | 231 69 288 193 . Remotely 180 | . 40 60 80 . Salvage Created 829 | . 152 140 530 7 Parts 54 | . 7 12 33 2 Haulers Intercepted 2 | . . . 2 . Recyclers Shooed 1 | . . . . 1 Parts Field Recycled . | . . . . . Retrieved Matter . | . . . . . Parts Self-Destructed . | . . . . . Prevented . | . . . . . Kills | -11 -10 -10 -9 -8 ------- Run | Yrd Mat Min Mat Mat Combat Hostiles Destroyed 15 | . 3 2 10 . Melee 10 | . . . 10 . Guns 5 | . 3 2 . . Classes Destroyed 7 | . 2 1 3 1 Worker 1 | . . . . 1 Builder 2 | . . 1 1 . Hauler 2 | . . . 2 . Recycler 2 | . 1 1 . . Swarmer 7 | . 3 2 2 . Grunt 5 | . . . 5 . Sentry 3 | . . . 3 . Best Kill Streak 4 | . 3 3 4 1 Combat Bots Only 3 | . 2 2 3 . Max Kills in Single Turn 2 | . 2 1 1 1 Gunslinging 1 | . 1 . . . Exploded . | . . . . . Melee 1 | . . . 1 . Uniques/NPCs Destroyed . | . . . . . Combat | -11 -10 -10 -9 -8 -------- Run | Yrd Mat Min Mat Mat Hostile Shots Fired 113 | . 26 11 70 6 Missed 43 | . 9 4 28 2 Damage Taken 1257 | . 140 91 521 505 Core 297 | . 49 31 63 154 Absorbed by Shields . | . . . . . Core Remaining (%) 84 | 100 . 68 84 . Volleys Fired 27 | . 14 10 1 2 Largest 2 | . 2 1 1 2 Hottest 90 | . 90 20 23 66 Shots Fired 39 | . 24 10 1 4 Gun 35 | . 24 10 1 . Cannon . | . . . . . Launcher 4 | . . . . 4 Special . | . . . . . Kinetic 15 | . 4 10 1 . Thermal 10 | . 10 . . . Explosive 4 | . . . . 4 Electromagnetic 10 | . 10 . . . Robot Hit Streak 4 | . 3 4 . . Robot Miss Streak 4 | . 4 3 . . Penetration Max . | . . . . . Secondary Targets 2 | . 2 . . . Max Gunslinging Chain 1 | . 1 . . . Shots Hit Robots 46 | . 10 8 28 . Core Hits 23 | . 4 4 12 3 Critical Kills . | . . . . . Critical Parts Destroyed . | . . . . . Critical Strikes 1 | . 1 . . . Corrupt 1 | . 1 . . . Melee Attacks 36 | . . 2 34 . Impact . | . . . . . Slashing 36 | . . 2 34 . Piercing . | . . . . . Sneak Attacks 5 | . . 2 3 . Combat Hostiles . | . . . . . Follow-up Attacks . | . . . . . Damage Inflicted 1296 | . 137 149 819 191 Guns 186 | . 137 49 . . Cannons . | . . . . . Explosions 191 | . . . . 191 Melee 919 | . . 100 819 . Ramming . | . . . . . Kinetic 55 | . 6 49 . . Thermal 62 | . 62 . . . Explosive 191 | . . . . 191 Electromagnetic 69 | . 69 . . . Impact . | . . . . . Slashing 919 | . . 100 819 . Piercing . | . . . . . Highest Corruption 11 | . . 1 1 11 Average Corruption 1 | . . 1 1 11 Corruption Purged . | . . . . . Corruption Blocked . | . . . . . Effects 2 | . . . 2 . Energy Discharges 1 | . . . 1 . Parts Rejected 1 | . . . 1 . Overload Shots . | . . . . . Overflow Damage 14 | . . . 12 2 Projectiles . | . . . . . Explosions 2 | . . . . 2 Melee 12 | . . . 12 . Knockbacks . | . . . . . Impact . | . . . . . Kinetic . | . . . . . Secondary . | . . . . . Self-Inflicted Damage 45 | . . . . 45 Shots 1 | . . . . 1 Rammed . | . . . . . Targets Rammed . | . . . . . Kicked . | . . . . . Crushed . | . . . . . Highest Temperature 270 | . 270 4 10 . Average Temperature 99 | . 120 2 10 . Received Heat Transfer 303 | . 6 . 270 27 Siege Activations . | . . . . . Robots Corrupted . | . . . . . Combat Hostiles . | . . . . . Parts Fried . | . . . . . Impact Corruptions . | . . . . . Robots Melted . | . . . . . Combat Hostiles . | . . . . . Parts Melted . | . . . . . Heat Transferred 185 | . 185 . . . Parts Sabotaged . | . . . . . Parts Stolen . | . . . . . Parts Stripped . | . . . . . Power Chain Reactions . | . . . . . Alert | -11 -10 -10 -9 -8 ------- Run | Yrd Mat Min Mat Mat Peak Influence 389 | . 75 93 389 102 Initial 77 | . . 28 33 77 Average 116 | . 43 69 184 78 Maximum Alert Level 1 | . . . 1 . Low Security (%) 79 | 100 100 100 57 100 Level 1 20 | . . . 42 . Level 2 . | . . . . . Level 3 . | . . . . . Level 4 . | . . . . . Level 5 . | . . . . . High Security . | . . . . . Max Security . | . . . . . Squads Dispatched 8 | . 2 . 5 1 Investigation 6 | . 1 . 5 . Extermination . | . . . . . Reinforcement 2 | . 1 . . 1 Assault . | . . . . . Garrison . | . . . . . Intercept . | . . . . . Searches Triggered . | . . . . . Construction Impeded . | . . . . . Haulers Reinforced . | . . . . . Active Scanning Responses . | . . . . . Cargo Convoy Interrupts . | . . . . . Stealth | -11 -10 -10 -9 -8 --------- Run | Yrd Mat Min Mat Mat Distress Signals 4 | . . . 3 1 Communications Jammed . | . . . . . Distress Signals . | . . . . . Times Spotted 37 | . 9 3 21 4 Peak Tracking Total 6 | . 6 3 3 5 Tactical Retreats 1 | . . 1 . . Traps | -11 -10 -10 -9 -8 ------- Run | Yrd Mat Min Mat Mat Traps Triggered 2 | . 1 . 1 . Indirectly . | . . . . . Trap Hack Attempts . | . . . . . Triggered . | . . . . . Disarmed . | . . . . . Reprogrammed . | . . . . . Reused . | . . . . . Traps Extracted . | . . . . . Installed . | . . . . . Triggered . | . . . . . Machines | -11 -10 -10 -9 -8 ---------- Run | Yrd Mat Min Mat Mat Machines Disabled 1 | . . . 1 . Max in Single Turn . | . . . . . Machines Repaired . | . . . . . Machines Dismantled . | . . . . . Machines Sabotaged . | . . . . . Overloaded Fab Kills . | . . . . . Hacking | -11 -10 -10 -9 -8 --------- Run | Yrd Mat Min Mat Mat Machines Accessed 12 | . 1 1 9 1 Terminals 11 | . 1 . 9 1 Fabricators . | . . . . . Repair Stations . | . . . . . Recycling Units . | . . . . . Scanalyzers . | . . . . . Garrison Access . | . . . . . Total Hacks 31 | . 2 1 26 2 Successful 15 | . . 1 14 . Failed 16 | . 2 . 12 2 Catastrophic 6 | . 1 . 3 2 Database Lockouts . | . . . . . Manual 26 | . 2 . 22 2 Terminals 30 | . 2 . 26 2 Fabricators . | . . . . . Repair Stations . | . . . . . Recycling Units . | . . . . . Scanalyzers . | . . . . . Garrison Access . | . . . . . Terminal Hacks 9 | . . 1 8 . Robot Analysis 1 | . . . 1 . Open Door 1 | . . 1 . . Terminal Index 1 | . . . 1 . Unreport Threat 1 | . . . 1 . Dispatch Records 1 | . . . 1 . Surveillance Status 1 | . . . 1 . Recall Investigation 1 | . . . 1 . Hauler Manifests 1 | . . . 1 . Registered Components 1 | . . . 1 . Fabricator Hacks . | . . . . . Repair Station Hacks . | . . . . . Recycling Unit Hacks . | . . . . . Scanalyzer . | . . . . . Garrison Access Hacks . | . . . . . Unauthorized Hacks 5 | . . . 5 . Terminals 5 | . . . 5 . Botnet 5 | . . . 5 . Fabricators . | . . . . . Repair Stations . | . . . . . Recycling Units . | . . . . . Scanalyzers . | . . . . . Garrison Access . | . . . . . Data Cores Recovered . | . . . . . Used . | . . . . . Hacking Detections 10 | . 1 . 8 1 Full Trace Events 8 | . 1 . 6 1 Feedback Events 1 | . . . 1 . Corruption 1 | . . . 1 . Feedback Blocked . | . . . . . Robot Schematics Acquired . | . . . . . Robots Built . | . . . . . Authchips . | . . . . . Time . | . . . . . Total Robot Build Rating . | . . . . . Part Schematics Acquired . | . . . . . Parts Built . | . . . . . Authchips . | . . . . . Time . | . . . . . Total Part Build Rating . | . . . . . Parts Repaired . | . . . . . Time . | . . . . . Parts Recycled . | . . . . . Recycled Matter . | . . . . . Retrieved Matter . | . . . . . Retrieved Components . | . . . . . Parts Scanalyzed . | . . . . . Part Schematics Acquired . | . . . . . Parts Damaged . | . . . . . Bothacking | -11 -10 -10 -9 -8 ------------ Run | Yrd Mat Min Mat Mat Used RIF Installer . | . . . . . Robots Hacked . | . . . . . Non-combat . | . . . . . Combat . | . . . . . Robot Hacks Applied . | . . . . . Relay Couplers Released . | . . . . . Fabnet Peak Effective % . | . . . . . Robots Rewired . | . . . . . Allies Hacked . | . . . . . Hacks Repelled . | . . . . . Allies | -11 -10 -10 -9 -8 -------- Run | Yrd Mat Min Mat Mat Total Allies 3 | . . 3 . . Largest Group 3 | . . 3 3 . Highest-Rated Group 40 | . . 40 40 . Highest-Rated Ally 16 | . . 16 16 . Total Orders . | . . . . . Ally Attacks 44 | . . . 44 . Total Damage 410 | . . . 410 . Kills 6 | . . . 6 . Allies Corrupted . | . . . . . Allies Melted . | . . . . . Intel | -11 -10 -10 -9 -8 ------- Run | Yrd Mat Min Mat Mat Robot Analysis Total 1 | . . . 1 . Derelict Logs Recovered 1 | . . 1 . . Drone Launches . | . . . . . Drone Recoveries . | . . . . . Exploration | -11 -10 -10 -9 -8 ------------- Run | Yrd Mat Min Mat Mat Turns Passed 910 | 69 132 196 438 75 Spaces Moved 1185 | 55 104 339 642 45 Core 18 | 11 . . 7 . Treads 11 | . . . . 11 Legs 172 | 44 50 . 44 34 Wheels . | . . . . . Hover . | . . . . . Flight 984 | . 54 339 591 . Fastest Speed 37 | 50 37 37 37 120 Average Speed 50 | 106 76 37 43 126 Slowest Speed 145 | 120 120 120 120 145 Overloaded Moves . | . . . . . Propulsion Burnouts . | . . . . . Robots Hopped 3 | . 3 . . . Cave-ins Triggered 1 | . . . . 1 Exploration Rate (%) 32 | 3 23 72 54 8 Regions Visited 4 Branch Regions 1 Pre-discovered Areas 1 | . . 1 . . Known Exits Taken 1 | . . 1 . . Unknown Exits Taken 3 | 1 1 . 1 . Scrap Searched 2 | . . 2 . . Spaces Dug 2 | . . . 2 . Terrain Destroyed 23 | . . . 2 21 Melee 2 | . . . 2 . Projectile . | . . . . . AOE 21 | . . . . 21 Terrain Rammed . | . . . . . Walls Destroyed . | . . . . . Machines Disabled . | . . . . . Actions | -11 -10 -10 -9 -8 --------- Run | Yrd Mat Min Mat Mat Total 1381 | 62 133 396 732 58 Wait 52 | . . 35 17 . Move 1175 | 54 97 338 641 45 Hop 3 | . 3 . . . Pick Up 18 | 2 8 3 5 . Fast Attach 25 | 6 . 2 14 3 Attach 11 | . 5 2 2 2 Detach 4 | . 2 . 2 . Swap 7 | . . 1 4 2 Drop 23 | . 4 3 12 4 Fire 27 | . 14 10 1 2 Melee 36 | . . 2 34 . Ram . | . . . . . Kick . | . . . . . Crush . | . . . . . Escape Stasis . | . . . . . Rewire . | . . . . . Trap . | . . . . . Miscellaneous . | . . . . . Route ------- -11/Scrapyard -10/Materials (discovered 2 exits: *Min x2) -10/Mines -9/Materials (discovered 2 exits: *Mat x2) -8/Materials History --------- Turn | Location | Event 17 | -11/Scrapyard | Discovered new exit (range 15) 70 | -11/Scrapyard | Entered Materials 176 | -10/Materials | Discovered new exit (range 15) 184 | -10/Materials | Discovered new exit (range 8) 202 | -10/Materials | Entered Mines 236 | -10/Mines | Found a hidden stash of uninstalled traps 291 | -10/Mines | Assisted by bots powering up and referring to "LRC-V3" 302 | -10/Mines | Learned location of Mines (-9) 304 | -10/Mines | Met a Derelict who couldn't figure out how to use a Trap Extractor 364 | -10/Mines | Discovered new exit (range 6) 366 | -10/Mines | Identified exit to Materials 398 | -10/Mines | Entered Materials 398 | -9/Materials | Accompanied by 3 allies 398 | -9/Materials | Evolved 2 slots: Utility x2 590 | -9/Materials | Discovered new exit (range 5) 669 | -9/Materials | Discovered new exit (range 16) 711 | -9/Materials | Build established: Mutant 759 | -9/Materials | Lost 3 allies 778 | -9/Materials | Lost 4 parts (1p2n1u) 836 | -9/Materials | Entered another Materials area 836 | -8/Materials | Evolved 2 slots: Propulsion x1, Utility x1 910 | -8/Materials | Crushed by falling debris 910 | -8/Materials | System corruption reached 10% 911 | -8/Materials | Self-destructed Last Messages --------------- 00853_ Acquired Imp. Sensor Array. 00857_ Dropped Imp. Sensor Array. 00866_ ALERT: Hostiles spotted, dispatching reinforcements to Terminal M007. 00878_ Acquired Prototype Energy Gun. 00878_ Identified Hvy. EM Shotgun. 00883_ Dropped Aluminum Leg. 00884_ Acquired Adv. Treads. 00889_ Connecting with Terminal... 00889_ Current location identified: Materials 00903_ Destroyed Tractor Beam. 00903_ K-01 Serf destroyed. 00910_ The unstable cave ceiling collapses. 00910_ Crushed by falling debris. 00910_ Melee Analysis Suite destroyed. 00910_ System corrupted by crushing effect (+3). 00910_ Adv. Treads destroyed. 00910_ System corrupted by crushing effect (+3). 00910_ Lgt. Ion Engine destroyed. 00910_ System corrupted by crushing effect (+5). Map ----- +----------------------------------------------------+ | ????????????????????? ?????????????????? | | ????????????????????# ?????????????????? | | ????????????????????# ?????????????????? | | ????????????????????# ?????????????????? | | ????????????????????# ?????????????????? | | ????????????????????# #????????????????? | | ????????????????????# #######??????????? | | ????????????????????# #??????????? | | ???????????########## #??????????? | | ???????????# # #??????????? | | ???????????# # ###########????? | | ???????????# # # #????? | | ???????????# # # #????? | | ???????????# !+ + / ! #????? | | ???????????# [ # # #????? | | ???????????# # # """ """ #????? | | ???????????# # #?""" """ ?????? | | ???????????# # #?""" """??????? | | ???????????########## #?? ???????? | | ????????????????????# #??###?????????? | | ????????????????????# #??????????????? | | ????????????????????# #??????????????? | | ?????????? #??????# #??????????????? | | ????????? ##### ########???????? | | ???????? # = =#???????? | | ????????" #@ = #???????? | | ????????" # "" #???????? | | ???????? T" #???????? | | ???????? "" #???????? | | ?????????# # #### #???????? | | ???????????????????## ## ####???????? | | ????????????????????## ##?###??????????? | | ????????????????????? ????????????????? | | ???????????????????? !????????????????? | | ???????????????????" ????????????????? | | ??????????????????"" ?????????????????? | | ?????????????????? ?????????????????? | | ?????????????????""" ?????????????????? | | ??????????????????"" ??????????????????? | | ???????????????????" ??????????????????? | | ???????????????????? ??????????????????? | | ???????????????????????????????????????? | | ???????????????????????????????????????? | | ???????????????????????????????????????? | | ???????????????????????????????????????? | | ???????????????????????????????????????? | | ???????????????????????????????????????? | | ???????????????????????????????????????? | | ???????????????????????????????????????? | | ???????????????????????????????????????? | +----------------------------------------------------+ Best States ------------- Heat Dissipation 52 Energy Generation 10 Energy Capacity 125 Matter Stores 300 Matter Capacity 300 Sight Range 16 Terrain Scan Density 10 Additional Mass Support 6 Armor Coverage 150 Evasion (%) 62 Melee Accuracy 10 Recoil Reduction 1 Item Schematics ----------------- None Robot Schematics ------------------ None Fabricated ------------ Nothing Alien Tech Used ----------------- None Achievements -------------- None Challenges ------------ None Game ------ Seed ArmorDirtyTendrils Manual? 0 Play Time 00:19:05 Cumulative 20.6 hours Start 2024.04.10 @ 18:10:59 End 2024.04.10 @ 18:29:29 Sessions 1 Manual Loads 0 Difficulty Rogue Special Mode None Game No. 34 Rogue 34 Adventurer 0 Explorer 0 Win Type - Total 1 Types 1/0/0/0/0/0/0/0/0 Lore% 17 Gallery% 33 Achievement% 30 Wizard Run 0 Options --------- Layout 0 ASCII 0 Keyboard 0 Movement Numpad Keybinds 0 Fullscreen 2 Font 18/SmallcapsGlow Map View 76x50 Zoom Use 0% Tactical HUD 1 Map Filters NONE Filters NONE Steam 1 RUN: f57e8e95-553f-44a4-85a6-afbcfef52b8d